[Event "*** Titled Tuesday Blitz"]
[Site "Chess.com"]
[Date "2019.02.05"]
[Round "7"]
[White "ruvat"]
[Black "HajiyevKanan"]
[Result "1-0"]
[WhiteElo "2291"]
[BlackElo "2329"]
[TimeControl "180+2"]
[EndTime "14:44:24 PST"]
[Termination "ruvat won by checkmate"]

1. d4 d5 2. Nf3 c6 3. c4 Nf6 4. Qc2 g6 5. Bf4 Bg7 6. e3 Bf5 7. Qb3 Qb6 8. Nc3 O-O 9. h3 Nbd7 10. Be2 Ne4 11. O-O e6 12. c5 Qxb3 13. axb3 e5 14. Nxe5 Bxe5 15. Bxe5 Nexc5 16. Bd6 Nxb3 17. Ra3 Nd2 18.
Rd1 Ne4 19. Bxf8 Kxf8 20. Nxe4 Bxe4 21. Bd3 Nf6 22. f3 Bxd3 23. Rdxd3 Ke7 24. Kf2 Kd6 25. g4 h6 26. Rd1 Nd7 27. h4 a6 28.
Raa1 Nb6 29. b3 Re8 30. Re1 Nc8 31. e4 Rd8 32. e5+ Ke6 33. f4 Ne7 34. Rg1 Rh8 35.
Kf3 h5 36. gxh5 Rxh5 37. Rh1 Nf5 38. Rad1 Rxh4 39. Rxh4 Nxh4+ 40. Ke3 Nf5+ 41. Kd3 Ng3 42. Rg1 Nh5 43. Ke3 Ng7 44. Rh1 Nf5+ 45. Kd3 Ng3 46. Rh8 Kd7 47. Rf8 Nh5 48. Ke3 f6 49. Rf7+ Ke6 50.
Rxb7 fxe5 51. fxe5 a5 52. Ra7 Ng7 53. Rxa5 Nf5+ 54.
Kd3 g5 55. Ra6 Ne7 56. Ra1 g4 57. Rg1 Kf5 58. Rf1+ Kg6 59. Rf6+ Kg5 60. Re6 Ng6 61. Rxc6 g3 62. Rc1 Nf4+ 63. Ke3 Nh3 64. Kf3 Kh4 65. b4 Ng5+ 66. Kg2 Ne6 67. Rd1 Nc7 68. e6 Nxe6 69. b5 Nf4+ 70. Kf3 Ne6 71. b6 Nd8 72.
Rh1+ Kg5 73. Kxg3 Kf5 74. Re1 Kf6 75. Kf3 Nc6 76. Ke3 Ke6 77. Ra1 Kd6 78. Ra7 Nd8 79. Rh7 Kc6 80. Rh6+ Kb7 81. Kf4 Nc6 82. Ke3 Kxb6 83.
Kd3 Kb5 84. Kc3 Na5 85. Rd6 Nc6 86. Rxd5+ Kb6 87. Rh5 Ne7 88. Kc4 Nc8 89. Rh6+ Kc7 90. Kc5 Ne7 91. d5 Nf5 92. Rh7+ Kd8 93. d6 Ne3 94. Kc6 Nf5 95. Rh8# 1-0

[Event "*** Titled Tuesday Blitz"]
[Site "Chess.com"]
[Date "2019.02.05"]
[Round "7"]
[White "KlyashtornyVladislav"]
[Black "Agent-JL"]
[Result "1/2-1/2"]
[WhiteElo "2198"]
[BlackElo "2253"]
[TimeControl "180+2"]
[EndTime "14:47:01 PST"]
[Termination "Game drawn by stalemate"]

1. e4 c5 2. Nf3 e6 3. d4 cxd4 4. Nxd4 Nc6 5. Nb5 d6 6. c4 Nf6 7. N1c3 a6 8. Na3 Be7 9. Be2 O-O 10. Be3 Qc7 11. Qd2 Rd8 12. Rc1 Qa5 13. O-O Rb8 14. Rfd1 Ne5 15. h3 Bd7 16. f3 Bc6 17. Nd5 Qxd2 18.
Nxe7+ Kf8 19. Rxd2 Kxe7 20. Bb6 Rdc8 21. Rcd1 Ned7 22. Ba7 Ra8 23. Bd4 Ne8 24. Bf2 Rab8 25. Bg3 e5 26. Nc2 b5 27. cxb5 axb5 28. Ne3 g6 29. Bh4+ f6 30. Nd5+ Bxd5 31. Rxd5 Rc5 32. R5d2 b4 33. Bf2 Rc7 34. a4 bxa3 35. bxa3 Ra8 36.
Rd3 Rc2 37. Ra1 Rxe2 38. a4 Nc5 39. Rda3 Rb2 40. a5 Nb3 41. R1a2 Rxa2 42. Rxa2 Rxa5 43. Rb2 Rb5 44. Ra2 Nc5 45. Ra7+ Ke6 46. Rxh7 Nd3 47.
Be3 f5 48. exf5+ gxf5 49. Bg5 Kd5 50. Re7 Rb8 51. h4 Nc5 52. h5 Ne6 53. Bh4 N8c7 54.
h6 Rh8 55. h7 Ne8 56. Rxe8 Rxe8 57. Bf6 Kc4 58. h8=Q Rxh8 59. Bxh8 Nf4 60. Kf2 Ng6 61.
Bg7 d5 62. g3 d4 63. Ke2 Kd5 64. Kd3 Ne7 65. Bf6 Ng8 66. Bg7 Ne7 67. Ke2 Ng6 68.
Bf6 Ke6 69. Bg7 Kd5 70. Bf6 f4 71. gxf4 Nxf4+ 72. Kd2 Ng2 73. Bg7 Nh4 74. Ke2 Nf5 75. Bf6 Ng3+ 76. Kf2 Nf5 77. Ke2 Ne3 78. Bg7 Ke6 79.
Bh8 Kf5 80. Kf2 Nd5 81. Bg7 Nf4 82. Bh8 Nh3+ 83. Ke2 Ng1+ 84. Kf2 d3 85. Ke3 d2 86. Kxd2 Nxf3+ 87. Ke3 e4 88. Bc3 Nh4 89. Bb2 Ng2+ 90. Kf2 Nf4 91. Ke3 Nd3 92. Bd4 Nb4 93. Ba7 Nc6 94.
Bb6 Ne5 95. Ba7 Nc4+ 96. Ke2 Ke5 97. Bc5 Kd5 98. Ba7 Ne5 99. Bb6 Nc4 100. Ba7 Nd6 101. Bb6 Nb5 102. Ke3 Nd6 103. Ke2 Nc4 104. Ba7 Na3 105. Bb6 Kc6 106. Ba7 Nb5 107. Bg1 Kd5 108. Bb6 Nd6 109. Ba7 Nc4 110. Bg1 Ne5 111. Ba7 Nd3 112. Bb6 Nf4+ 113. Ke3 Ng2+ 114. Ke2 Nh4 115. Ke3 Nf5+ 116. Ke2 Kc4 117. Ba7 Ng3+ 118. Ke3 Kd5 119. Kf2 Nf5 120. Ke2 Nd6 121. Bb6 Nc4 122. Ba7 Ne5 123. Bb6 Nd3 124. Ba7 Nf4+ 125. Ke3 Ng2+ 126. Kf2 Nh4 127. Ke3 Nf5+ 128. Ke2 Kc4 129. Bb6 Kc3 130. Ba7 Kc2 131. Bb6 Kc3 132.
Ba7 Kc4 133. Bb6 Kb5 134. Ba7 Ka6 135. Bf2 Kb5 136. Ba7 Kc4 137. Bb6 Kd5 138. Ba7 Nd4+ 139. Bxd4 Kxd4 140. Kd2 Kd5 141. Ke3 Ke5 142. Ke2 Kd4 143. Kd2 e3+ 144. Ke2 Ke4 145. Ke1 Kf3 146. Kf1 e2+ 147. Ke1 Ke3 1/2-1/2

[Event "*** Titled Tuesday Blitz"]
[Site "Chess.com"]
[Date "2019.02.05"]
[Round "7"]
[White "Kirill_Klukin"]
[Black "goodluck06"]
[Result "1/2-1/2"]
[WhiteElo "2619"]
[BlackElo "2472"]
[TimeControl "180+2"]
[EndTime "14:48:32 PST"]
[Termination "Game drawn by 50-move rule"]

1. Nf3 Nf6 2. d4 g6 3. c4 Bg7 4.
Nc3 O-O 5. Bg5 d5 6. e3 c5 7. Bxf6 Bxf6 8. Nxd5 Bg7 9. Be2 cxd4 10. Nxd4 Nc6 11. Nxc6 bxc6 12. Nc3 Qb6 13. Qc1 Rb8 14.
O-O Qxb2 15. Rb1 Qxc1 16. Rfxc1 Rxb1 17. Nxb1 Bf5 18. Nd2 a5 19. f3 Bb2 20. Rd1 Bc2 21. Rf1 Rd8 22. Nb3 a4 23. Nd4 Bxd4 24. exd4 Rxd4 25.
Kf2 g5 26. Ke3 Rd7 27. Rc1 Bg6 28. c5 Rb7 29. Rc4 Ra7 30. a3 Ra5 31. Bd1 f6 32. Kd4 e5+ 33. Kc3 Bf7 34. Rxa4 Rxc5+ 35. Kd2 Rd5+ 36.
Ke2 Rd7 37. Ra8+ Kg7 38. Bc2 Bc4+ 39. Ke3 Be6 40. a4 f5 41. a5 f4+ 42. Ke2 Bc4+ 43.
Ke1 Rb7 44. Kd2 Bf1 45. Be4 Rb2+ 46. Kc3 Ra2 47. Bxc6 Bxg2 48. a6 g4 49. Bd5 Ra3+ 50. Kb4 Ra1 51. a7 Bxf3 52. Rg8+ Kf6 53. Bxf3 Rxa7 54. Rxg4 Ra2 55. Be4 Rxh2 56. Kc4 Rd2 57. Kc5 h5 58. Rg6+ Ke7 59. Rh6 Re2 60. Bd5 e4 61. Rxh5 f3 62. Rf5 f2 63. Bc4 Rd2 64. Rf4 e3 65. Re4+ Kf6 66. Rxe3 Kf5 67. Rf3+ Kg4 68. Rf8 Rc2 69. Kd4 Kg3 70. Bd3 Rc7 71.
Rg8+ Kf3 72. Rf8+ Kg3 73. Be4 Rc1 74. Bd3 Re1 75. Kc3 Kg2 76. Rg8+ Kh2 77. Rh8+ Kg3 78. Rf8 Kh2 79. Rxf2+ Kg3 80. Rf8 Re7 81. Kd4 Kg4 82. Be4 Kg5 83. Rf5+ Kg4 84. Rf6 Ra7 85. Rg6+ Kf4 86.
Rf6+ Kg4 87. Ke5 Ra5+ 88. Bd5 Kg3 89. Rg6+ Kf2 90. Rg2+ Ke3 91. Rg3+ Kf2 92. Rb3 Ra4 93. Be4 Ra7 94. Kf4 Rf7+ 95. Bf5 Re7 96. Rb2+ Re2 97.
Rb3 Re7 98. Ra3 Re8 99. Be4 Rf8+ 100. Ke5 Re8+ 101. Kd4 Rd8+ 102. Bd5 Re8 103. Rf3+ Ke2 104. Rh3 Kf2 105. Rh2+ Kg3 106. Rg2+ Kf4 107. Rf2+ Kg3 108. Rf7 Re1 109. Be4 Ra1 110. Rg7+ Kf4 111. Rf7+ Kg3 112. Ke3 Ra3+ 113. Bd3 Ra4 114. Rf3+ Kg4 115. Rf1 Kg5 116. Be4 Ra3+ 117. Kd4 Ra4+ 118. Ke5 Ra5+ 119. Bd5 Ra4 120. Rf8 Ra6 121. Rf5+ Kg4 122. Rf1 Ra3 123. Rf8 Kg3 124. Rg8+ Kf2 125. Be4 Ra5+ 126. Kf4 Ra7 127. Rg2+ Ke1 128. Ke3 Rf7 129. Ra2 Rd7 130. Re2+ Kd1 131. Rb2 Ke1 132. Rh2 Rf7 133. Bd3 Re7+ 134. Kd4 Rd7+ 135. Kc3 Rc7+ 136. Bc4 Rd7 137. Re2+ Kd1 138. Ra2 Ke1 139. Bd3 Rc7+ 140. Kd4 Rd7+ 141. Ke3 Re7+ 142. Be4 Rd7 143. Rf2 Rd8 144. Re2+ Kd1 145. Rh2 Kc1 146. Bd3 Re8+ 147. Kd4 Rd8+ 148. Kc3 Rc8+ 149. Bc4 Rd8 150. Rc2+ Kb1 151. Rg2 Kc1 152. Bb3 Rc8+ 153. Kd4 Rd8+ 154. Bd5 1/2-1/2

[Event "*** Titled Tuesday Blitz"]
[Site "Chess.com"]
[Date "2019.02.05"]
[Round "8"]
[White "DonPreuss"]
[Black "WorldChampionBulletChess"]
[Result "1-0"]
[WhiteElo "2195"]
[BlackElo "2093"]
[TimeControl "180+2"]
[EndTime "14:50:59 PST"]
[Termination "DonPreuss won by resignation"]

1. d4 Nf6 2. Nc3 e6 3. e4 d5 4. exd5 exd5 5. Bd3 Bd6 6. Nge2 O-O 7. O-O Re8 8. Ng3 c6 9. Bg5 Qc7 10. Bxf6 gxf6 11.
Qh5 f5 12. Nxf5 Bxf5 13. Bxf5 f6 14. Qxe8+ Bf8 15. Rae1 Qf7 16. Be6 1-0

[Event "*** Titled Tuesday Blitz"]
[Site "Chess.com"]
[Date "2019.02.05"]
[Round "8"]
[White "AliKa2810"]
[Black "valeriocarnicelli"]
[Result "1-0"]
[WhiteElo "2477"]
[BlackElo "2439"]
[TimeControl "180+2"]
[EndTime "14:52:35 PST"]
[Termination "AliKa2810 won by resignation"]

1. e4 e5 2. Nf3 Nc6 3. d4 exd4 4. Nxd4 Nf6 5. Nc3 Bb4 6. Nxc6 bxc6 7. Bd3 d5 8. exd5 cxd5 9. O-O O-O 10. h3 c6 11. Qf3 Be7 12. Bf4 Be6 13. Rfe1 c5 14. Rad1 d4 15. Ne4 Nd5 16. Be5 Re8 17. Qg3 Bf8 18.
Nxc5 Bxh3 19. Qxh3 1-0

[Event "*** Titled Tuesday Blitz"]
[Site "Chess.com"]
[Date "2019.02.05"]
[Round "8"]
[White "Karina_Oparina"]
[Black "IngOscarArdila"]
[Result "1-0"]
[WhiteElo "2192"]
[BlackElo "2057"]
[TimeControl "180+2"]
[EndTime "14:52:39 PST"]
[Termination "Karina_Oparina won by resignation"]

1. Nf3 Nf6 2. g3 g6 3. Bg2 Bg7 4. O-O O-O 5. c4 d6 6. Nc3 Nbd7 7. e4 e5 8. d4 Re8 9. Re1 a5 10.
h3 h6 11. Be3 c6 12. Qc2 Qc7 13. Rad1 b6 14. d5 cxd5 15. Nxd5 Nxd5 16. Rxd5 Bb7 17.
Rdd1 Nc5 18. Nd2 Rad8 19. Nb1 Rf8 20. Nc3 f5 21. exf5 gxf5 22. Bxb7 Qxb7 23. Nd5 e4 24. Bxc5 dxc5 25. g4 fxg4 26. Qxe4 gxh3 27. Nf6+ Rxf6 28.
Rxd8+ 1-0

[Event "*** Titled Tuesday Blitz"]
[Site "Chess.com"]
[Date "2019.02.05"]
[Round "8"]
[White "Frolik67"]
[Black "NoGalloNoParty"]
[Result "1-0"]
[WhiteElo "2526"]
[BlackElo "2325"]
[TimeControl "180+2"]
[EndTime "14:52:41 PST"]
[Termination "Frolik67 won by resignation"]

1. e4 c5 2. Nf3 d6 3. Bb5+ Bd7 4. Bxd7+ Nxd7 5. O-O Ngf6 6. Re1 e6 7. c3 Be7 8. d4 cxd4 9. cxd4 d5 10. e5 Ne4 11.
Nbd2 Nxd2 12. Bxd2 Rc8 13. Qa4 a6 14. Rac1 O-O 15. Ba5 b6 16. Bd2 Nb8 17. Rxc8 Qxc8 18. Rc1 Qb7 19. Qc2 Bd8 20. h4 h6 21. h5 b5 22. Bb4 Re8 23. Qc8 Qd7 24. Qxb8 Bg5 25.
Qc7 1-0

[Event "*** Titled Tuesday Blitz"]
[Site "Chess.com"]
[Date "2019.02.05"]
[Round "8"]
[White "andy_rekt"]
[Black "chesstatour"]
[Result "1-0"]
[WhiteElo "2186"]
[BlackElo "2009"]
[TimeControl "180+2"]
[EndTime "14:53:17 PST"]
[Termination "andy_rekt won by resignation"]

1. d4 f5 2. c4 Nf6 3. Nc3 g6 4. h4 e6 5. h5 Nxh5 6. e4 Ng7 7. Nf3 Nc6 8. d5 Ne7 9. Ng5 exd5 10. cxd5 h5 11. d6 Nc6 12. Bc4 Bxd6 13. Bf7+ Kf8 14. Bxg6 Qf6 15. Nh7+ Kg8 16. Nxf6+ 1-0

[Event "*** Titled Tuesday Blitz"]
[Site "Chess.com"]
[Date "2019.02.05"]
[Round "8"]
[White "politeplayer"]
[Black "Iyael"]
[Result "0-1"]
[WhiteElo "2004"]
[BlackElo "2003"]
[TimeControl "180+2"]
[EndTime "14:53:20 PST"]
[Termination "Iyael won by resignation"]

1. e4 c5 2. d4 cxd4 3. c3 Nf6 4. e5 Nd5 5. Nf3 e6 6. cxd4 b6 7. Nc3 Nxc3 8. bxc3 Qc7 9. Bd2 Bb7 10. Bd3 d6 11. O-O Nd7 12. Re1 dxe5 13. Ng5 g6 14. Qg4 h5 15.
Nxe6 Qd6 16. Qg5 Qxe6 17. Bb5 Bh6 18. Qxe5 Qxe5 19. Rxe5+ Kd8 20. Bxh6 Rxh6 21. Rae1 Nxe5 0-1

[Event "*** Titled Tuesday Blitz"]
[Site "Chess.com"]
[Date "2019.02.05"]
[Round "8"]
[White "iturrizaga"]
[Black "pKiLz5Rn9b"]
[Result "1-0"]
[WhiteElo "2821"]
[BlackElo "2729"]
[TimeControl "180+2"]
[EndTime "14:53:27 PST"]
[Termination "iturrizaga won by resignation"]

1. Nf3 Nf6 2. c4 e6 3. g3 b6 4.
Bg2 Bb7 5. O-O Be7 6. b3 O-O 7. Bb2 c5 8. e3 d5 9. Qe2 Qc8 10.
Nc3 Rd8 11. cxd5 Nxd5 12. Nxd5 Bxd5 13. Rfd1 Nd7 14. e4 Bb7 15. d4 Bf6 16. Rac1 Qb8 17. h4 cxd4 18. Nxd4 Nc5 19. b4 Ba6 20. Qg4 Nd3 21. Nc6 Bxb2 22. Nxb8 Bxc1 23. Nxa6 1-0

[Event "*** Titled Tuesday Blitz"]
[Site "Chess.com"]
[Date "2019.02.05"]
[Round "8"]
[White "playerorkinyo"]
[Black "Godzillator"]
[Result "0-1"]
[WhiteElo "2336"]
[BlackElo "2390"]
[TimeControl "180+2"]
[EndTime "14:53:28 PST"]
[Termination "Godzillator won by resignation"]

1. d4 d5 2. c4 c6 3. Nf3 Nf6 4. e3 Bf5 5. Nc3 a6 6. Bd3 Bxd3 7. Qxd3 e6 8. O-O Bb4 9. Bd2 O-O 10. Ne5 Bxc3 11. Bxc3 Nbd7 12. Nxd7 Qxd7 13. Rad1 b5 14. c5 a5 15. f3 Rfe8 16. g4 h6 17. Qe2 Qc7 18. Qg2 Nd7 19. Be1 e5 20. Bg3 Qd8 21. Rde1 exd4 22. exd4 Qf6 23. Qd2 Rxe1 24. Rxe1 Qxf3 25.
Qf4 Qd3 26. Bf2 Nf6 27. h3 Ne4 28. Be3 Re8 29. Rf1 Ng5 0-1

[Event "*** Titled Tuesday Blitz"]
[Site "Chess.com"]
[Date "2019.02.05"]
[Round "8"]
[White "ChessMavenYeti"]
[Black "Saitama_Hero"]
[Result "0-1"]
[WhiteElo "2235"]
[BlackElo "2234"]
[TimeControl "180+2"]
[EndTime "14:53:30 PST"]
[Termination "Saitama_Hero won by resignation"]

1. d4 Nf6 2. c4 g6 3. g3 Bg7 4. Bg2 c5 5. d5 O-O 6. Nc3 e6 7. Nf3 exd5 8. cxd5 d6 9. O-O Re8 10. Nd2 Nbd7 11. a4 h5 12. Nb5 Ne5 13. f4 Neg4 14. Nc4 Ne4 15. Bxe4 Rxe4 16. Nbxd6 Rd4 17. Qb3 Rxd5 18. Nxb7 Qe7 19. Nba5 Qxe2 20. Rf3 Rd1+ 21. Qxd1 Qxd1+ 22. Kg2 Qe2+ 0-1

[Event "*** Titled Tuesday Blitz"]
[Site "Chess.com"]
[Date "2019.02.05"]
[Round "8"]
[White "hurricane7791"]
[Black "Alex_Terzi"]
[Result "1-0"]
[WhiteElo "2679"]
[BlackElo "2474"]
[TimeControl "180+2"]
[EndTime "14:53:46 PST"]
[Termination "hurricane7791 won by resignation"]

1. d4 Nf6 2. c4 e6 3. Nc3 d5 4. cxd5 exd5 5. Bg5 Be7 6. e3 O-O 7. Bd3 c6 8. Qc2 Nbd7 9. Nf3 Re8 10. h3 Nf8 11.
Bf4 g6 12. O-O-O Ne6 13. Bh2 a5 14. Ne5 a4 15. f4 a3 16. b3 c5 17. f5 Ng7 18. g4 c4 19. bxc4 dxc4 20. Bxc4 Bb4 21. Nxf7 Qe7 22. Ne5+ Kh8 23. fxg6 Be6 24. gxh7 1-0

[Event "*** Titled Tuesday Blitz"]
[Site "Chess.com"]
[Date "2019.02.05"]
[Round "8"]
[White "2165149677570"]
[Black "Babas"]
[Result "1-0"]
[WhiteElo "2317"]
[BlackElo "2318"]
[TimeControl "180+2"]
[EndTime "14:54:14 PST"]
[Termination "2165149677570 won by resignation"]

1. d4 Nf6 2. c4 c5 3. d5 e5 4. Nc3 d6 5. Nf3 Be7 6. g3 h5 7. h4 Nbd7 8. Bg2 Nf8 9. Ng5 Ng6 10. O-O Bf5 11. e4 Bg4 12. f3 Bd7 13. f4 exf4 14. Bxf4 Bg4 15. Bf3 O-O 16. Qe2 Bxf3 17. Qxf3 Ng4 18.
Nd1 Bf6 19. Rb1 N6e5 20. Bxe5 Bxe5 21. Kg2 Qe7 22. Ne3 Nxe3+ 23. Qxe3 g6 24. b3 a6 25. Rbe1 b5 26. Nf3 Bc3 27. Qxc3 1-0

[Event "*** Titled Tuesday Blitz"]
[Site "Chess.com"]
[Date "2019.02.05"]
[Round "8"]
[White "HouseOfDurin"]
[Black "aa175"]
[Result "1-0"]
[WhiteElo "1940"]
[BlackElo "1907"]
[TimeControl "180+2"]
[EndTime "14:54:24 PST"]
[Termination "HouseOfDurin won by resignation"]

1. d4 e5 2. dxe5 Nc6 3. Nf3 Qe7 4. g3 Nxe5 5. Nxe5 Qxe5 6. Bg2 Nf6 7. O-O d5 8. Nc3 c6 9. Bf4 Qh5 10. e4 Bg4 11. f3 Bc5+ 12. Kh1 Bh3 13. exd5 Bxg2+ 14. Kxg2 cxd5 15. Re1+ Kd7 16. Re5 Qg6 17. Rg5 Qh6 18.
Rxd5+ Nxd5 19. Qxd5+ 1-0

[Event "*** Titled Tuesday Blitz"]
[Site "Chess.com"]
[Date "2019.02.05"]
[Round "8"]
[White "AttilaTurzo"]
[Black "DenisQ"]
[Result "1/2-1/2"]
[WhiteElo "2413"]
[BlackElo "2656"]
[TimeControl "180+2"]
[EndTime "14:54:26 PST"]
[Termination "Game drawn by agreement"]

1. d4 d5 2. Bf4 Nf6 3. e3 Bf5 4. c4 c6 5. Nc3 e6 6. Nf3 Nbd7 7. Qb3 Qb6 8. c5 Qxb3 9. axb3 a6 10. b4 Rc8 11. h3 Be7 12. Nd2 Bd8 13. Nb3 Bc7 14. Na5 Bxf4 15. exf4 Rc7 16. g3 h5 17. Kd2 Ne4+ 18.
Nxe4 Bxe4 19. Rg1 Ke7 20. Nb3 Nf6 21. Nc1 Bf5 22. f3 Rg8 23. h4 Rh8 24. Nd3 Bxd3 25.
Bxd3 g6 26. Rge1 Kf8 27. Re5 Ng8 28. Ree1 Ne7 29. Kc3 Nf5 30. Bxf5 gxf5 31. Kd3 Rg8 32. Rg1 Ke7 33. Ke3 1/2-1/2

[Event "*** Titled Tuesday Blitz"]
[Site "Chess.com"]
[Date "2019.02.05"]
[Round "8"]
[White "CzechmVIII"]
[Black "VFernandezB"]
[Result "0-1"]
[WhiteElo "2106"]
[BlackElo "2266"]
[TimeControl "180+2"]
[EndTime "14:54:27 PST"]
[Termination "VFernandezB won by resignation"]

1. e4 c5 2. Nf3 Nc6 3. Nc3 g6 4. d4 cxd4 5. Nxd4 Bg7 6. Be3 Nf6 7. f4 d6 8. Be2 O-O 9. Qd2 Nxd4 10. Bxd4 e5 11. Bf2 Bg4 12. O-O Bxe2 13. Qxe2 exf4 14. Bh4 Qb6+ 15. Kh1 Qxb2 16. Bxf6 Bxf6 17. Nd5 Qxa1 18.
Rxa1 Bxa1 19. c3 Rac8 20. Ne7+ Kg7 21. Nxc8 Rxc8 22. h4 Bxc3 23. h5 Be5 24. g4 fxg3 25. Kg2 Rc5 26. hxg6 hxg6 27. a4 a6 28. Qa2 b5 29.
axb5 Rxb5 30. Qxa6 Rb2+ 31. Kg1 Bd4+ 32. Kf1 g2+ 0-1

[Event "*** Titled Tuesday Blitz"]
[Site "Chess.com"]
[Date "2019.02.05"]
[Round "8"]
[White "leoo2001"]
[Black "Witik"]
[Result "1-0"]
[WhiteElo "2794"]
[BlackElo "2651"]
[TimeControl "180+2"]
[EndTime "14:54:32 PST"]
[Termination "leoo2001 won by resignation"]

1. e4 c6 2. d4 d5 3. e5 Bf5 4. Nd2 e6 5. Nb3 Nd7 6. Nf3 Bg6 7. Be2 Nh6 8. Bxh6 gxh6 9. O-O f6 10. c4 fxe5 11.
cxd5 cxd5 12. Bb5 Bh5 13. Bxd7+ Qxd7 14. dxe5 Rg8 15. Rc1 Bb4 16. Qd3 a6 17. a3 Be7 18.
Qxh7 Bf7 19. Nfd4 Rc8 20. Rxc8+ Qxc8 21. Rc1 Qd8 22. g3 Qb6 23. Rc8+ Bd8 24. Nc5 1-0

[Event "*** Titled Tuesday Blitz"]
[Site "Chess.com"]
[Date "2019.02.05"]
[Round "8"]
[White "ENEASZ"]
[Black "BillForster"]
[Result "0-1"]
[WhiteElo "2337"]
[BlackElo "1723"]
[TimeControl "180+2"]
[EndTime "14:54:34 PST"]
[Termination "BillForster won by resignation"]

1. b3 d5 2. Bb2 Bf5 3. g3 Nc6 4. Bg2 Qd7 5. d3 O-O-O 6. a3 Nf6 7. b4 e5 8. Nd2 Bd6 9. Nb3 Rhe8 10. b5 Ne7 11. Nf3 Bh3 12. O-O Bxg2 13. Kxg2 h5 14. Nxe5 Qe6 15. Nf3 Nf5 16. Nbd4 Nxd4 17. Nxd4 Qe5 18. h4 Ng4 19. Qd2 Nxf2 20. Rxf2 Qxg3+ 21. Kf1 Qh3+ 22. Rg2 Re3 23. Nf3 Rde8 24. Re1 Qh1+ 25.
Rg1 Qh3+ 26. Rg2 Qh1+ 27. Rg1 Qh3+ 28. Kf2 Rxf3+ 29. exf3 Qh2+ 30. Rg2 Bg3+ 31. Kf1 Qh1+ 0-1

[Event "*** Titled Tuesday Blitz"]
[Site "Chess.com"]
[Date "2019.02.05"]
[Round "8"]
[White "Vamostodorecto"]
[Black "Last7Samurai"]
[Result "0-1"]
[WhiteElo "2458"]
[BlackElo "2695"]
[TimeControl "180+2"]
[EndTime "14:54:36 PST"]
[Termination "Last7Samurai won by resignation"]

1. d4 f5 2. e4 fxe4 3. Nc3 Nf6 4. Bg5 e6 5. f3 Be7 6. fxe4 O-O 7. Nf3 d5 8. e5 Ne4 9. Bxe7 Qxe7 10. Bd3 Nxc3 11. bxc3 b6 12. O-O Ba6 13. Bxa6 Nxa6 14. Qd3 Nb8 15. c4 c6 16. a4 Nd7 17. a5 bxa5 18.
cxd5 cxd5 19. Rxa5 Nb6 20. Rfa1 Nc4 21. Ra6 h6 22. Qg6 Nb6 23. Qg4 Rfe8 24. Nh4 Nc4 25. Ng6 Qf7 26. Rf1 Qxf1+ 27. Kxf1 Ne3+ 0-1

[Event "*** Titled Tuesday Blitz"]
[Site "Chess.com"]
[Date "2019.02.05"]
[Round "8"]
[White "matiss90"]
[Black "wadsy27"]
[Result "1-0"]
[WhiteElo "2461"]
[BlackElo "2313"]
[TimeControl "180+2"]
[EndTime "14:54:37 PST"]
[Termination "matiss90 won by resignation"]

1. e4 c5 2. Nf3 e6 3. d4 cxd4 4. Nxd4 Nc6 5. Nc3 Qc7 6. Be2 a6 7. O-O Nf6 8. Kh1 b5 9. Nxc6 dxc6 10. f4 Bb7 11. e5 Nd7 12. Bf3 c5 13. Bxb7 Qxb7 14.
f5 O-O-O 15. fxe6 fxe6 16. Qe2 h5 17. Bf4 h4 18. h3 Be7 19. a4 b4 20. Ne4 Kb8 21.
a5 g5 22. Bh2 g4 23. Qxg4 Rdg8 24. Qf3 Rh7 25. Nf6 Bxf6 26. exf6+ Ka8 27. Rad1 Rf7 28.
Rd6 Qxf3 29. Rxf3 Nxf6 30. Rxa6+ Kb7 31. Rb6+ Ka7 32. Rxe6 Rg6 33. Be5 1-0

[Event "*** Titled Tuesday Blitz"]
[Site "Chess.com"]
[Date "2019.02.05"]
[Round "8"]
[White "ZeroRealtorFade"]
[Black "charly871"]
[Result "1-0"]
[WhiteElo "2250"]
[BlackElo "1992"]
[TimeControl "180+2"]
[EndTime "14:54:38 PST"]
[Termination "ZeroRealtorFade won by checkmate"]

1. d4 Nf6 2. Bf4 d6 3. e3 Nbd7 4. c3 e5 5. Bg5 Be7 6. Nd2 O-O 7. Bd3 h6 8. Bh4 b6 9. Ne2 Bb7 10. O-O c5 11. Qc2 Rc8 12. dxe5 Nxe5 13. Bf5 d5 14. Bxc8 Qxc8 15. Rad1 Qg4 16. Bg3 Ng6 17.
Nf3 d4 18. exd4 Ne4 19. Rfe1 Nxg3 20. Nxg3 Bh4 21. Qf5 Bxf3 22. Qxf3 Qc8 23. Nf5 Bf6 24. Nxh6+ gxh6 25. Qxf6 cxd4 26. Rxd4 Re8 27. Rxe8+ Qxe8 28. Rd8 Qxd8 29. Qxd8+ Kg7 30. Qc7 Nf4 31. Qxf4 h5 32.
Qg5+ Kf8 33. Qxh5 Ke7 34. Qe5+ Kf8 35. h4 f6 36. Qxf6+ Kg8 37. h5 Kh7 38. Qg6+ Kh8 39. h6 a5 40. Qg7# 1-0

[Event "*** Titled Tuesday Blitz"]
[Site "Chess.com"]
[Date "2019.02.05"]
[Round "8"]
[White "Perecke"]
[Black "flomarechot"]
[Result "0-1"]
[WhiteElo "2048"]
[BlackElo "2076"]
[TimeControl "180+2"]
[EndTime "14:54:49 PST"]
[Termination "flomarechot won by resignation"]

1. e4 e6 2. d4 d5 3. Nc3 Nf6 4. e5 Nfd7 5. Nce2 c5 6. c3 Nc6 7. f4 Qb6 8. Nf3 f6 9. g3 fxe5 10. fxe5 cxd4 11. cxd4 Bb4+ 12. Nc3 O-O 13. Bf4 g5 14.
Bxg5 Ndxe5 15. dxe5 Nxe5 16. Be2 Nxf3+ 17. Bxf3 d4 18.
Be4 dxc3 19. Bxh7+ Kg7 20. Qe2 0-1

[Event "*** Titled Tuesday Blitz"]
[Site "Chess.com"]
[Date "2019.02.05"]
[Round "8"]
[White "Caisachess"]
[Black "JoachimMouhamad"]
[Result "1-0"]
[WhiteElo "2356"]
[BlackElo "2275"]
[TimeControl "180+2"]
[EndTime "14:54:51 PST"]
[Termination "Caisachess won by resignation"]

1. e4 c6 2. d4 d5 3. exd5 cxd5 4.
c4 Nf6 5. Nc3 Nc6 6. Nf3 g6 7.
cxd5 Nxd5 8. Bc4 Nb6 9. Bb3 Bg7 10. O-O O-O 11. Be3 Na5 12. Ne5 Nxb3 13. Qxb3 Be6 14. Qb4 a5 15. Qb5 f6 16. d5 Nxd5 17. Nxd5 Qxd5 18.
Qxd5 Bxd5 19. Nd7 Rfd8 20. Nb6 Rab8 21. Rfd1 Be6 22. Bc5 Kf7 23. Re1 f5 24. Re2 Bd4 25.
Bxd4 Rxd4 26. Rae1 Rd6 27. Na4 Rc8 28. Nc3 Rd7 29. Rxe6 1-0

[Event "*** Titled Tuesday Blitz"]
[Site "Chess.com"]
[Date "2019.02.05"]
[Round "8"]
[White "Fivetrick"]
[Black "SimonKnightRivendell"]
[Result "0-1"]
[WhiteElo "2533"]
[BlackElo "2022"]
[TimeControl "180+2"]
[EndTime "14:54:54 PST"]
[Termination "SimonKnightRivendell won by checkmate"]

1. e4 c6 2. d4 d5 3. Nd2 dxe4 4. Nxe4 Bf5 5. Ng3 Bg6 6. h4 h6 7. Nf3 Nd7 8. h5 Bh7 9. Bd3 Bxd3 10. Qxd3 Qc7 11. Bd2 Ngf6 12. O-O-O e6 13. Kb1 O-O-O 14. c4 c5 15. Bc3 cxd4 16. Nxd4 Ne5 17. Qe2 Nxc4 18.
Nb5 Rxd1+ 19. Rxd1 Qc5 20. Nxa7+ Qxa7 21. Qxc4+ Qc5 22.
Qa4 Nd5 23. Bd4 Qb4 24. Qe8+ Kc7 25. Rc1+ Bc5 26. Rxc5+ Qxc5 27. Qxh8 Qxd4 28. Qe8 Qd1# 0-1

[Event "*** Titled Tuesday Blitz"]
[Site "Chess.com"]
[Date "2019.02.05"]
[Round "8"]
[White "yuki_chess123"]
[Black "wanyaland"]
[Result "1-0"]
[WhiteElo "2044"]
[BlackElo "2096"]
[TimeControl "180+2"]
[EndTime "14:55:01 PST"]
[Termination "yuki_chess123 won by resignation"]

1. Nf3 Nf6 2. g3 d5 3. Bg2 c5 4. c4 d4 5. b4 cxb4 6. a3 bxa3 7. Bxa3 Nc6 8. O-O e5 9. Bxf8 Kxf8 10. d3 g6 11. Na3 Kg7 12. Qb3 Re8 13. Nb5 a6 14.
Qa3 e4 15. dxe4 Rxe4 16. Rfd1 Qb6 17. Nfxd4 Rxd4 18. Nxd4 Nxd4 19. Qe3 Nxe2+ 20. Qxe2 Bg4 21. Bf3 Re8 22. Qd3 Bf5 23. Qc3 Qc7 24. c5 Be4 25. Rd6 1-0

[Event "*** Titled Tuesday Blitz"]
[Site "Chess.com"]
[Date "2019.02.05"]
[Round "8"]
[White "Samuray111"]
[Black "ChessWarrior7197"]
[Result "0-1"]
[WhiteElo "2590"]
[BlackElo "2882"]
[TimeControl "180+2"]
[EndTime "14:55:09 PST"]
[Termination "ChessWarrior7197 won by checkmate"]

1. Nf3 Nf6 2. b3 d5 3. Bb2 c5 4.
e3 e6 5. Bb5+ Bd7 6. Bxd7+ Nbxd7 7. O-O Bd6 8. d3 O-O 9. Nbd2 Qc7 10. h3 b5 11. c4 a6 12. Rc1 Qb7 13. Qe2 a5 14. e4 Bc7 15. Rb1 d4 16. cxb5 Qxb5 17. Rfc1 a4 18. bxa4 Qxa4 19. a3 Rfb8 20. Nc4 Nb6 21.
Nfd2 Nfd7 22. Nxb6 Rxb6 23. Nc4 Rb7 24. Qh5 Rab8 25.
Qg5 h6 26. Qe7 Ne5 27. Nxe5 Bxe5 28. Qxc5 Bf4 29. Rc4 Rxb2 30. Rxb2 Qd1# 0-1